Map: Newkirk Precinct TE (Void)

Players

MajOr (SpeCial)

  • Race: Terran Terran
  • Spawn Location: 5:00

Scarlett - Winner!

  • Race: Zerg Zerg
  • Spawn Location: 7:00

Event: WESG 2016 Finals

VOD

Have the link to the VOD?

Description

Time

  • Played on: Jan. 13, 2017, 1:46 a.m.
  • Length: 11:56

All games in this series

Show
View Real Time Build Order
Export as new Build Order

MajOr Terran 

Build Orders: MMM Bio 

Get SALT Encoding   

  12  0:00  SCV  
  13  0:13  SCV  
  14  0:18  Supply Depot  
  14  0:25  SCV  
  15  0:30  Refinery  
  15  0:40  SCV  
  16  0:46  Barracks  
  16  0:52  SCV  
  17  1:04  SCV  
  18  1:16  SCV  
  20  1:33  Orbital Command, Reaper  
  20  1:45  Command Center  
  20  1:57  Factory  
  20  1:59  SCV  
  21  2:06  Refinery  
  21  2:08  Barracks Reactor  
  21  2:11  SCV  
  22  2:17  Supply Depot  
  22  2:23  SCV  
  23  2:38  SCV  
  23  2:42  Starport  
  24  2:50  Hellion x2, SCV  
  24  2:51  Marine  
  30  3:01  Orbital Command  
  30  3:04  SCV  
  31  3:17  Hellion x2  
  35  3:20  Viking  
  35  3:23  Barracks Tech Lab  
  38  3:27  SCV  
  38  3:28  SCV  
  39  3:39  SCV  
  39  3:41  SCV  
  40  3:42  Marine  
  40  3:43  Stimpack  
  40  3:47  Barracks  
  41  3:51  Barracks  
  41  3:54  Factory Reactor  
  41  3:58  SCV x2  
  41  4:00  Marine  
  44  4:03  Supply Depot  
  44  4:08  Medivac  
  46  4:25  Marine, SCV x2, Supply Depot  
  46  4:28  Engineering Bay  
  49  4:36  Marine x2  
  49  4:37  SCV x2  
  49  4:38  Factory Reactor  
  53  4:45  Marine  
  54  4:47  Marine x2, Medivac  
  54  4:51  Supply Depot  
  54  4:52  SCV  
  59  4:53  Supply Depot  
  59  4:54  SCV  
  59  4:57  Terran Infantry Weapons Level 1  
  60  5:00  Marine x2  
  62  5:07  Barracks  
  62  5:13  Marine  
  61  5:16  Barracks, SCV x2  
  61  5:21  Marine x3  
  64  5:23  Marine  
  67  5:31  Refinery, SCV x2  
  67  5:33  Supply Depot  
  67  5:34  Marine  
  70  5:38  Marine  
  70  5:39  Marine  
  70  5:41  Medivac  
  70  5:42  Medivac  
  76  5:47  Combat Shields  
  76  5:50  Marine  
  76  5:54  Missile Turret  
  76  5:56  Supply Depot  
  77  5:59  Marine x2  
  77  6:01  SCV x2  
  77  6:03  Marine x2  
  83  6:07  Missile Turret  
  83  6:08  Marine x2  
  83  6:11  Missile Turret  
  85  6:14  Marine  
  85  6:17  Marine  
  85  6:18  Widow Mine  
  89  6:26  Marine x3  
  89  6:28  Medivac  
  89  6:31  Supply Depot  
  94  6:33  Supply Depot  
  94  6:52  Marine x7  
  94  6:53  Supply Depot  
  94  6:54  Marine, Supply Depot  
  102  6:56  Widow Mine  
  104  7:02  Terran Infantry Armor Level 1  
  104  7:10  Marine x6  
  104  7:14  Marine  
  104  7:15  Marine, Supply Depot  
  109  7:28  Marine x3  
  96  7:36  Marine x3  
  85  7:37  Marine x2  
  85  7:39  Widow Mine  
  85  7:40  Medivac  
  91  7:45  Marine x3  
  94  7:53  Marine  
  94  7:54  Marine x2  
  94  7:55  Marine x2  
  94  7:57  Supply Depot  
  99  8:03  Marine x3  
  102  8:11  Marine  
  102  8:12  Marine  
  103  8:15  Marine x3  
  103  8:17  Widow Mine  
  103  8:18  Medivac  
  109  8:21  Marine x3  
  107  8:29  Marine  
  107  8:30  Marine  
  107  8:33  Marine x3  
  112  8:39  Marine x3  
  115  8:47  Marine x2  
  113  8:48  Medivac  
  113  8:50  Marine x2  
  113  8:51  Marine  
  113  8:53  Widow Mine  
  120  8:57  Marine x2, Supply Depot  
  120  8:59  Marine  
  123  9:05  Marine  
  124  9:14  Marine x2  
  126  9:18  Marine, Medivac  
  126  9:20  Marine x2  
  126  9:22  Marine  
  126  9:23  Marine  
  128  9:26  Marine  
  118  9:32  Marine x2  
  118  9:36  Marine  
  118  9:38  Marine x2, Widow Mine  
  118  9:40  Marine x2  
  118  9:44  Marine, Armory  
  123  9:50  Marine  
  124  9:59  Marine x6  
  123  10:02  Marine, Medivac  
  130  10:08  Marine  
  131  10:17  Marine x5  
  135  10:25  Marine x3  
  138  10:32  Medivac, Widow Mine  
  138  10:35  Marine x4  
  132  10:51  Marine  
  132  10:52  Marine x2  
  132  10:53  Marine x2  
  132  10:56  Marine x2  
  108  10:59  Marine  
  108  11:02  Medivac  
  108  11:03  Widow Mine  
  88  11:09  Marine x2  
  88  11:10  Marine  
  88  11:11  Marine x2  
  88  11:14  Marine x2  
  88  11:17  Marine  
  88  11:27  Marine x3  
  88  11:28  Marine  
  88  11:29  Marine  
  88  11:31  Marine  
  88  11:32  Marine  
Show
View Real Time Build Order
Export as new Build Order

Scarlett Zerg - Winner!

Build Orders: Hatch First, Muta Ling Bane 

Get SALT Encoding   

  12  0:00  Drone  
  13  0:12  Overlord  
  13  0:17  Drone  
  14  0:31  Drone x2  
  14  0:35  Drone  
  17  0:51  Hatchery  
  17  0:55  Drone  
  17  0:58  Drone  
  17  1:02  Extractor  
  17  1:13  Spawning Pool  
  17  1:17  Drone  
  17  1:20  Drone  
  18  1:28  Drone  
  19  1:39  Overlord  
  19  1:50  Drone  
  20  2:00  Queen  
  22  2:02  Zergling x2  
  22  2:03  Metabolic Boost  
  22  2:04  Queen  
  25  2:11  Drone, Zergling x2  
  27  2:16  Zergling x2  
  28  2:23  Drone  
  28  2:25  Drone  
  30  2:33  Drone  
  30  2:36  Drone, Queen  
  34  2:42  Queen  
  36  2:47  Overlord  
  36  2:57  Overlord  
  36  3:06  Drone x3  
  36  3:08  Drone x2  
  36  3:09  Drone x2  
  43  3:16  Lair  
  43  3:19  Drone  
  44  3:21  Drone  
  44  3:27  Drone x2  
  47  3:30  Extractor x2  
  45  3:38  Queen  
  45  3:39  Drone  
  45  3:40  Drone  
  49  3:42  Overlord  
  49  3:45  Drone x2  
  51  3:49  Drone  
  51  3:53  Overlord  
  52  4:00  Overlord x2  
  52  4:02  Drone  
  53  4:03  Drone  
  53  4:09  Extractor  
  53  4:13  Drone x2  
  53  4:15  Drone  
  56  4:19  Spire  
  56  4:22  Drone x2  
  56  4:23  Zergling x2  
  58  4:25  Zergling x2  
  59  4:37  Hatchery  
  59  4:38  Zergling x2  
  59  4:40  Zergling x2  
  59  4:43  Drone  
  61  4:47  Zergling x4  
  63  4:54  Zergling x4  
  63  4:55  Drone x2  
  63  4:58  Drone x2  
  69  5:06  Overlord  
  69  5:08  Drone x2  
  71  5:22  Drone  
  71  5:23  Drone x3  
  74  5:32  Mutalisk x4  
  82  5:38  Zerg Flyer Weapons Level 1, Overlord x2  
  82  5:43  Mutalisk, Evolution Chamber x2  
  82  5:47  Baneling Nest  
  82  5:48  Mutalisk  
  83  5:59  Mutalisk x3  
  86  6:05  Drone x4  
  86  6:10  Drone x4  
  94  6:13  Zerg Melee Weapons Level 1  
  94  6:17  Zerg Ground Armor Level 1  
  94  6:26  Drone x2, Overlord  
  94  6:29  Zergling x4  
  94  6:30  Zergling x2  
  94  6:31  Centrifical Hooks  
  94  6:32  Baneling x3  
  99  6:34  Baneling  
  99  6:37  Zergling x2  
  99  6:38  Zergling x4  
  102  6:41  Overlord  
  102  6:49  Mutalisk  
  102  6:54  Zergling x14  
  105  6:55  Baneling x5  
  105  6:58  Baneling  
  111  7:01  Overlord  
  111  7:03  Zergling x6  
  111  7:04  Baneling  
  111  7:05  Baneling x2  
  114  7:11  Baneling x3  
  114  7:16  Baneling x2  
  110  7:29  Zergling x14  
  106  7:34  Mutalisk x2  
  102  7:38  Zergling x10  
  102  7:40  Queen  
  102  7:41  Zergling x16  
  116  7:46  Zergling x2  
  116  7:47  Baneling  
  116  7:48  Baneling x5  
  117  7:53  Hatchery, Zergling x4  
  117  7:58  Baneling x4  
  118  8:01  Zergling x4  
  118  8:02  Overseer  
  118  8:04  Zergling x2  
  121  8:14  Mutalisk  
  121  8:15  Overlord x2  
  121  8:17  Zergling x8  
  127  8:25  Zerg Melee Weapons Level 2  
  127  8:26  Overlord x2  
  126  8:27  Zergling x2  
  126  8:30  Zergling x2  
  126  8:31  Zergling x2  
  127  8:36  Zergling x8  
  131  8:47  Zerg Ground Armor Level 2  
  118  8:52  Zergling x10  
  118  8:54  Mutalisk  
  125  8:58  Zergling x2  
  125  8:59  Zergling x4  
  128  9:04  Zergling x2  
  128  9:05  Zergling x2  
  128  9:06  Pneumatized Carapace  
  130  9:10  Zergling x4  
  130  9:13  Zergling x4  
  134  9:18  Zergling x4  
  131  9:27  Mutalisk  
  131  9:29  Zerg Flyer Weapons Level 2  
  127  9:33  Zergling x2  
  127  9:34  Zergling x22  
  140  9:38  Zergling x2  
  140  9:42  Mutalisk, Overseer  
  140  9:45  Extractor, Zergling x4  
  143  9:46  Baneling  
  143  9:47  Baneling  
  143  9:52  Zergling x4  
  143  9:59  Zergling x16  
  151  10:05  Zergling x2  
  151  10:06  Zergling x6  
  155  10:13  Zergling x4  
  155  10:14  Zergling x4  
  159  10:17  Baneling x6  
  159  10:18  Baneling x3  
  159  10:22  Hatchery  
  159  10:24  Baneling x7  
  159  10:26  Zergling x14  
  165  10:31  Zergling x6  
  160  10:43  Zergling x16  
  160  10:46  Zergling x4  
  139  11:02  Mutalisk x4  
  139  11:03  Zergling x6  
  139  11:04  Zergling x6  
  126  11:10  Zergling x10  
  131  11:12  Queen  
  132  11:23  Zergling x2  
  132  11:24  Zergling x10  
  138  11:25  Zergling x2  
  138  11:26  Zergling x2  
  138  11:27  Baneling x2  
  138  11:28  Baneling x2  
  138  11:30  Zergling x2  
Tags
 
Add a new tag
Caveats
  • Supply blocks, unpowered buildings, or Contaminate may cause inaccurate times.
  • Supply counts are checked every 10 seconds.